[Event "Srdja Dragasevic Memorial-A 2024"]
[Site "Cetinje"]
[Date "2024.06.27"]
[Round "7.1"]
[White "Petrov, Nikita"]
[Black "Milanovic, Danilo"]
[Result "1/2-1/2"]
[ECO "B01"]
[WhiteElo "2566"]
[BlackElo "2438"]
[Annotator "TA"]
[PlyCount "53"]
[EventDate "2024.06.23"]
[EventType "swiss"]
[EventCountry "MNE"]
[SourceTitle "playchess.com"]
[Source "ChessBase"]
[SourceQuality "1"]
[TimeControl "40/5400+30:1800+30"]

1. e4 d5 2. exd5 Qxd5 3. Nc3 Qd6 4. d4 Nf6 5. Nf3 Nc6 6. Nb5 Qd8 {[%emt 0:00:23] [#]} 7. d5 $1 Nb4 (7... Qxd5 $2 {perishes.} 8. Nxc7+ Kd8 9. Nxd5 $18) (7... Nxd5 $2 8. Qxd5 Bg4 9. Bf4 Bxf3 10. gxf3 $18 (10. Qxf3 e5 $18) (10. Nxc7+ Qxc7 11. Qxf3 e5 $14)) 8. c4 {[%emt 0:00:13] White has an edge.} e6 9. a3 Na6 10. Qa4 c6 11. dxc6 bxc6 {[%emt 0:00:14][%cal Oa6c5] [#] aiming for ...Nc5!} 12. Nc3 Nc5 13. Qc2 a5 14. Be3 (14. Bf4 $16) 14... Qc7 $11 15. Be2 Be7 16. h3 O-O 17. O-O Rb8 18. Rab1 Ncd7 19. Rfd1 Re8 20. Nd2 e5 21. Na4 Nf8 22. Bf3 Ne6 23. Ne4 c5 24. Nxf6+ Bxf6 25. Nc3 Nd4 26. Bxd4 exd4 27. Nd5 {[%emt 0:02:04] Weighted Error Value: White=0.08 (flawless) /Black=0.04 (flawless) .  Mistake:       	White=1     	---        Inaccurate:     	White=1     	Black=2      OK:         	White=11    	Black=11     Best:        	White=1     	Black=1} 1/2-1/2

[Event "Srdja Dragasevic Memorial-A 2024"]
[Site "Cetinje"]
[Date "2024.06.27"]
[Round "7.2"]
[White "Mammadova, Narmin"]
[Black "Karthik Venkataraman"]
[Result "1/2-1/2"]
[ECO "C02"]
[WhiteElo "2277"]
[BlackElo "2590"]
[Annotator "TA"]
[PlyCount "111"]
[EventDate "2024.06.23"]
[EventType "swiss"]
[EventCountry "MNE"]
[SourceTitle "playchess.com"]
[Source "ChessBase"]
[SourceQuality "1"]
[TimeControl "40/5400+30:1800+30"]

1. d4 e6 2. e4 d5 3. e5 c5 4. c3 Nc6 5. Nf3 Qb6 6. Na3 Bd7 {[%emt 0:00:05] C02: French: Advance Variation.} 7. Nc2 f6 8. Bd3 c4 9. Be2 fxe5 10. Nxe5 Nxe5 11. dxe5 Bc5 12. O-O Ne7 13. Bh5+ $146 ({Predecessor:} 13. Ne3 Qc7 14. Bh5+ g6 15. Bf3 Qxe5 16. Re1 Qc7 17. Bxd5 Bxe3 18. Rxe3 exd5 19. Qd4 {1-0 Chyzy,J (2250)-Luberanski,J (2242) POL-ch U18 Jastrzebia Gora 2023 (5)}) 13... g6 14. Bf3 Nc6 15. Qe2 O-O 16. Bg4 Qc7 17. Bh6 Rf7 18. Rae1 Qb6 19. Rb1 Bf8 20. Bxf8 Raxf8 21. g3 h5 22. Bh3 Rf3 23. Ne1 R3f7 $1 (23... Rxc3 $2 24. Rd1 $18 (24. Qd1 Rd3 $11) (24. Qd1 Rd3 $11)) 24. Nc2 Kh7 25. b3 cxb3 26. Rxb3 Qc7 27. f4 Na5 28. Ra3 b6 29. Rd1 Kg8 30. Qd3 Rg7 31. Kh1 g5 32. Nd4 g4 $1 33. Bg2 Qc5 (33... h4 $5) 34. Rxa5 $1 Qxa5 35. f5 exf5 36. e6 Be8 37. Nxf5 Rg5 $2 (37... Bg6 $6 38. Ne7+ Rxe7 39. Qxg6+ Rg7 40. Qxh5 $18) (37... Qb5 $1 $11 {and Black has nothing to worry.} 38. Qxb5 (38. e7 Rxf5 39. Qxf5 Qe2 $11) 38... Bxb5 39. Nxg7 Kxg7) 38. Ne7+ $18 Kg7 39. Nxd5 $2 (39. Qe3 $18 d4 40. cxd4) 39... Qc5 $1 $11 40. c4 Qd6 ({Reject} 40... Re5 $6 41. Qc3 Rff5 42. Be4 $16) 41. Re1 Rff5 $1 42. Qc3+ Re5 43. Nf4 {[%emt 0:00:27] [#]} (43. e7 $11 {remains equal.}) 43... Kg8 $1 $17 44. Rf1 Bc6 45. Qc2 (45. h4 $15 Rgf5 (45... gxh3 46. Bd5 $15) 46. Qc2) 45... Rgf5 $17 46. Rd1 {[%emt 0:00:55] [#]} Bxg2+ (46... h4 $1 $17 {[%cal Rh4h3] Strongly threatening ...h3!} 47. gxh4 Qc5 (47... Bxg2+ 48. Kxg2 Qc6+ 49. Rd5 $11)) 47. Kxg2 $11 Qc6+ 48. Kg1 (48. Rd5 $1 $11) 48... Qc5+ $17 49. Kg2 Qe3 50. Rd8+ (50. h4 $142) 50... Kg7 $17 51. Nxh5+ $2 (51. Qd1 $17 Qe4+ 52. Kg1 Qe1+ (52... Qxc4 53. Qd7+ Kf6 54. Rf8+ Kg5 55. Qg7#) 53. Kg2 Qxd1 54. Rxd1) 51... Rxh5 $2 (51... Kh6 $19 {( -> ...Qf3+)} 52. Qd2 Qxd2+ (52... Kxh5 $2 53. Rh8+ Kg6 54. Rg8+ Kh7 55. Qxe3 $19) 53. Rxd2 Rxh5 (53... Kxh5 $2 54. h3 $19)) 52. Rg8+ $1 $11 Kxg8 53. Qg6+ Kh8 54. Qf6+ Kh7 55. Qf7+ Kh8 56. Qf6+ 1/2-1/2

[Event "Srdja Dragasevic Memorial-A 2024"]
[Site "Cetinje"]
[Date "2024.06.27"]
[Round "7.3"]
[White "Saraci, Nderim"]
[Black "Mammadov, Zaur"]
[Result "1/2-1/2"]
[ECO "C14"]
[WhiteElo "2449"]
[BlackElo "2426"]
[Annotator "TA"]
[PlyCount "64"]
[EventDate "2024.06.23"]
[EventType "swiss"]
[EventCountry "MNE"]
[SourceTitle "playchess.com"]
[Source "ChessBase"]
[SourceQuality "1"]
[TimeControl "40/5400+30:1800+30"]

1. e4 e6 2. d4 d5 3. Nc3 Nf6 4. Bg5 Be7 5. e5 Nfd7 6. h4 h6 7. Bxe7 Qxe7 8. f4 a6 9. Nf3 c5 10. Qd2 Nc6 11. dxc5 Nxc5 12. O-O-O b5 13. Bd3 O-O (13... b4 {simplifies} 14. Ne2 a5 15. Ned4 Nxd4 16. Nxd4 O-O) 14. Kb1 Bb7 (14... b4 {simplifies} 15. Ne2 a5 16. Nfd4 Nxd4 17. Nxd4 Qa7) 15. f5 {[%emt 0:00:00][%cal Of5f6] [#] Black must now prevent f6!} (15. Ne2 {simplifies} d4 16. Nfxd4 Rfd8 17. Nxc6 Bxc6 18. Rh2) 15... Nxd3 16. f6 Qb4 (16... gxf6 $11 17. exf6 (17. cxd3 fxe5 18. Qxh6 f6 $15) 17... Qxf6 18. cxd3 Kh7) 17. cxd3 (17. Qxd3 $16 {[%cal Of3g5] aiming for Ng5!} gxf6 18. exf6) 17... d4 $14 18. fxg7 (18. Ne4 {simplifies} Qxd2 19. Rxd2 Nb4 20. Re1) 18... Kxg7 19. Ne4 Qxd2 20. Rxd2 Rad8 21. Rh3 (21. Nc5 $14 Ba8 22. Nxa6) 21... Ne7 {[%emt 0:07:20] The position is equal.} 22. Rg3+ Kh8 23. Rg4 Rg8 24. Rf4 (24. Nd6 Rxg4 25. Nxf7+ (25. Nxb7 $2 {perishes.} Rdg8 $19) 25... Kg7 26. Nxd8 Bd5 $19) 24... f5 25. Nc5 (25. exf6 $5 Nd5 $8 26. f7 Nxf4 27. fxg8=N Kxg8 28. Ne5 $11) 25... Bxf3 26. Rxf3 Rd5 27. Nxe6 ({Much worse is} 27. Nxa6 Rxe5 28. Kc2 Nd5 $17) 27... Rxe5 28. Nxd4 Rg4 29. Nc2 Rxh4 {[%emt 0:00:32] [#] Hoping for ...Rh1+.} 30. a3 Kg7 31. d4 Rd5 32. Rdf2 Re4 {[%emt 0:01:24] Weighted Error Value: White=0.16 (very precise) /Black=0.12 (very precise) .  Mistake:       	White=2     	Black=1      Inaccurate:     	White=1     	Black=2      OK:         	White=10    	Black=10     Best:        	---       	Black=3} 1/2-1/2

[Event "Srdja Dragasevic Memorial-A 2024"]
[Site "Cetinje"]
[Date "2024.06.27"]
[Round "7.4"]
[White "Djukic, Nikola"]
[Black "Damljanovic, Branko"]
[Result "1-0"]
[ECO "C79"]
[WhiteElo "2532"]
[BlackElo "2364"]
[Annotator "TA"]
[PlyCount "107"]
[EventDate "2024.06.23"]
[EventType "swiss"]
[EventCountry "MNE"]
[SourceTitle "playchess.com"]
[Source "ChessBase"]
[SourceQuality "1"]
[TimeControl "40/5400+30:1800+30"]

1. e4 e5 2. Nf3 Nc6 3. Bb5 a6 4. Ba4 d6 5. c3 Bd7 6. d4 g6 7. O-O Bg7 8. Re1 b5 9. Bb3 Nf6 10. Be3 {[%emt 0:01:26] C79: Ruy Lopez: Steinitz-type lines with 3...a6 4 Ba4 Nf6 5 0-0 d6.} O-O 11. Nbd2 Qe7 12. h3 Na5 13. Bc2 (13. Bg5 {with more complications.} h6 14. Bh4 Rfc8 15. Bc2) 13... c5 14. d5 Rfc8 $146 ({Predecessor:} 14... Nh5 15. a4 Rfb8 16. axb5 axb5 17. Qe2 Nf4 18. Qf1 c4 19. Ra3 Nb7 20. Rea1 Qd8 {½-½ Salamon,W (2335)-Troger,D (2330) AUT-chT15 email 2018 [3]}) 15. b3 Ne8 16. Nf1 Nb7 17. Ng3 Qf8 18. Rc1 a5 19. Rf1 b4 20. Nd2 bxc3 21. Nc4 Bb5 22. Ne2 Bxc4 23. bxc4 Bh6 24. Ba4 (24. Nxc3 Bxe3 25. fxe3 Nd8 $16) 24... Bxe3 25. fxe3 Nd8 26. Nxc3 (26. Rxc3 Rab8) 26... Qe7 27. Bxe8 Qxe8 28. Qf3 Rc7 29. Qf6 Nb7 30. a4 Qd8 31. Rb1 Qxf6 32. Rxf6 Kg7 33. Rf2 Re8 (33... Rd7 $16 34. Rfb2 Ra7) 34. Rb6 $18 Rd7 35. Ra6 h5 36. Ra7 h4 37. Kh2 Ree7 38. Rf1 Kh6 39. Nb5 Kg5 40. g4 hxg3+ 41. Kxg3 Kh6 (41... f5 $142 42. h4+ Kf6) 42. Ra8 $18 Kg7 43. h4 f6 44. Kg4 Nd8 $2 (44... Rf7 {is a better defense.} 45. h5 Nd8 46. Rxa5 gxh5+ 47. Kxh5 Rf8) 45. Rxa5 $18 Nf7 46. Ra6 Re8 47. Kg3 Rh8 48. a5 g5 49. Rh1 f5 50. exf5 e4 51. Rb6 Nh6 52. Rf1 (52. Nxd6 Rxd6 53. Rb7+ Nf7 $17) 52... gxh4+ 53. Kh3 ({Stronger than} 53. Kxh4 Kf6 (53... Nxf5+ 54. Kg5 $14) 54. Kg3 (54. Nxd6 $2 {gets mated.} Nxf5+ 55. Kg4 Rh4#) (54. Rxd6+ $2 Rxd6 55. Kg3 Rg8+ 56. Kf2 Ra6 $19) 54... Nxf5+ 55. Kf2 Ke5 $11) 53... Nf7 54. a6 1-0

[Event "Srdja Dragasevic Memorial-A 2024"]
[Site "Cetinje"]
[Date "2024.06.27"]
[Round "7.5"]
[White "Sukovic, Andrej"]
[Black "Tadic, Stefan"]
[Result "1-0"]
[ECO "C55"]
[WhiteElo "2350"]
[BlackElo "2421"]
[Annotator "RC"]
[PlyCount "47"]
[EventDate "2024.06.23"]
[EventType "swiss"]
[EventCountry "MNE"]
[SourceTitle "playchess.com"]
[Source "ChessBase"]
[SourceQuality "1"]
[TimeControl "40/5400+30:1800+30"]

1. e4 e5 2. Nf3 Nc6 3. Bc4 Nf6 4. d3 a6 5. c3 d5 6. exd5 Nxd5 7. O-O Be7 8. a4 O-O 9. a5 Bg4 10. h3 Bh5 11. Nbd2 Qd7 12. Nxe5 Qf5 13. Ng4 Rad8 14. Ne4 Qd7 15. Nh6+ gxh6 16. Qxh5 f5 17. Bxh6 Rf7 18. Ng5 Bxg5 19. Bxg5 Nce7 20. Rae1 c6 21. Bxe7 Rxe7 22. Bxd5+ cxd5 23. Rxe7 Qxe7 24. Qxf5 1-0

[Event "Srdja Dragasevic Memorial-A 2024"]
[Site "Cetinje"]
[Date "2024.06.27"]
[Round "7.6"]
[White "Pecurica, Milos"]
[Black "Kalezic, Blazo"]
[Result "1/2-1/2"]
[ECO "D23"]
[WhiteElo "2338"]
[BlackElo "2398"]
[Annotator "RC"]
[PlyCount "27"]
[EventDate "2024.06.23"]
[EventType "swiss"]
[EventCountry "MNE"]
[SourceTitle "playchess.com"]
[Source "ChessBase"]
[SourceQuality "1"]
[TimeControl "40/5400+30:1800+30"]

1. d4 d5 2. c4 dxc4 3. Nf3 Nf6 4. Qa4+ c6 5. Qxc4 Bg4 6. Nbd2 Nbd7 7. h3 Bxf3 8. Nxf3 e6 9. g3 Nb6 10. Qd3 Bb4+ 11. Bd2 Bxd2+ 12. Nxd2 O-O 13. Bg2 Qd6 14. O-O 1/2-1/2

[Event "Srdja Dragasevic Memorial-A 2024"]
[Site "Cetinje"]
[Date "2024.06.27"]
[Round "7.7"]
[White "Vujovic, Savo"]
[Black "Yaksin, Oleg"]
[Result "0-1"]
[ECO "B69"]
[WhiteElo "2230"]
[BlackElo "2389"]
[Annotator "RC"]
[PlyCount "129"]
[EventDate "2024.06.23"]
[EventType "swiss"]
[EventCountry "MNE"]
[SourceTitle "playchess.com"]
[Source "ChessBase"]
[SourceQuality "1"]
[TimeControl "40/5400+30:1800+30"]

1. e4 c5 2. Nf3 d6 3. d4 cxd4 4. Nxd4 Nf6 5. Nc3 Nc6 6. Bg5 e6 7. Qd2 a6 8. O-O-O Bd7 9. f4 Be7 10. Nf3 b5 11. Bxf6 gxf6 12. f5 Qa5 13. Kb1 h5 14. Bd3 Rc8 15. fxe6 fxe6 16. Rhf1 Qb6 17. Ne2 Qc5 18. Nf4 Rg8 19. g3 Kd8 20. Rc1 b4 21. c3 Rb8 22. cxb4 Qxb4 23. Qxb4 Rxb4 24. Bc4 Rxc4 25. Rxc4 Ne5 26. Rc3 Ng6 27. Nd4 Nxf4 28. gxf4 Rg2 29. Rc2 Rg4 30. f5 e5 31. Ne6+ Ke8 32. Re1 Bd8 33. b3 Ba5 34. Ree2 Bb5 35. Re3 Bb6 36. Re1 Bd3 37. Kb2 Bxc2 38. Kxc2 Rg2+ 39. Kd3 Rxh2 40. Rc1 Rh3+ 41. Kc4 Kd7 42. Nf8+ Kc6 43. Ng6 Re3 44. b4 h4 45. a4 h3 46. b5+ axb5+ 47. axb5+ Kd7 48. Nf8+ Ke8 49. Ne6 h2 50. Rh1 Re2 51. Kd5 Ke7 52. Kc6 Bg1 53. Nc7 Rxe4 54. Nd5+ Kf7 55. b6 Rc4+ 56. Kxd6 Rc2 57. b7 Ba7 58. Nb4 Bb8+ 59. Kd5 Rd2+ 60. Kc4 e4 61. Nc6 Bg3 62. b8=Q Bxb8 63. Nxb8 e3 64. Kc3 Rg2 65. Kd4 0-1

[Event "Srdja Dragasevic Memorial-A 2024"]
[Site "Cetinje"]
[Date "2024.06.27"]
[Round "7.8"]
[White "Kosic, Dragan"]
[Black "Xie, Bryan"]
[Result "1/2-1/2"]
[ECO "D39"]
[WhiteElo "2382"]
[BlackElo "2281"]
[Annotator "RC"]
[PlyCount "90"]
[EventDate "2024.06.23"]
[EventType "swiss"]
[EventCountry "MNE"]
[SourceTitle "playchess.com"]
[Source "ChessBase"]
[SourceQuality "1"]
[TimeControl "40/5400+30:1800+30"]

1. d4 Nf6 2. Nf3 d5 3. c4 e6 4. Nc3 dxc4 5. e4 Bb4 6. Bg5 h6 7. Bxf6 Qxf6 8. Bxc4 c5 9. O-O cxd4 10. Nb5 Qe7 11. Qxd4 O-O 12. Nxa7 Bc5 13. Nxc8 Rxc8 14. Qd3 Nc6 15. a3 Rd8 16. Qe2 Nd4 17. Nxd4 Rxd4 18. Rad1 Rad8 19. Rd3 Bb6 20. Rfd1 Qc5 21. Rxd4 Rxd4 22. Rxd4 Qxd4 23. g3 Kf8 24. Kg2 Bc7 25. a4 Ba5 26. b3 Bb6 27. Qf3 Kg8 28. e5 Bc5 29. Bb5 Kf8 30. a5 Qxe5 31. Qxb7 Qd4 32. Qf3 g5 33. h3 h5 34. Bc4 g4 35. hxg4 hxg4 36. Qe2 Ke7 37. a6 Kf8 38. Qc2 Ke7 39. Bd3 f5 40. Bc4 Qh8 41. Qd3 Qh3+ 42. Kg1 f4 43. Bxe6 Qxg3+ 44. Qxg3 fxg3 45. Bxg4 gxf2+ 1/2-1/2

[Event "Srdja Dragasevic Memorial-A 2024"]
[Site "Cetinje"]
[Date "2024.06.27"]
[Round "7.9"]
[White "Alimpic, Aleksa"]
[Black "Skvortsov, Andrei"]
[Result "0-1"]
[ECO "C01"]
[WhiteElo "2281"]
[BlackElo "2331"]
[Annotator "RC"]
[PlyCount "80"]
[EventDate "2024.06.23"]
[EventType "swiss"]
[EventCountry "MNE"]
[SourceTitle "playchess.com"]
[Source "ChessBase"]
[SourceQuality "1"]
[TimeControl "40/5400+30:1800+30"]

1. d4 e6 2. e4 d5 3. exd5 exd5 4. Bd3 Qf6 5. c3 Bd6 6. Qf3 Qxf3 7. Nxf3 Ne7 8. Nbd2 f6 9. Nf1 Bf5 10. Ke2 Bxd3+ 11. Kxd3 Nf5 12. Ne3 Nxe3 13. Bxe3 Nc6 14. Rae1 Ne7 15. a4 a5 16. Re2 Kf7 17. g3 g5 18. h4 g4 19. Ne1 h5 20. Kd2 Rhe8 21. Nd3 Ng6 22. Rhe1 Re4 23. Bh6 Rh8 24. Be3 b6 25. Kd1 Rhe8 26. Bh6 f5 27. Bg5 c6 28. Kd2 c5 29. dxc5 bxc5 30. Rxe4 fxe4 31. Nf4 Nxf4 32. gxf4 Kg6 33. Kc2 d4 34. Rd1 d3+ 35. Kb3 Kf5 36. Kc4 Rb8 37. Rd2 Bxf4 38. Bxf4 Kxf4 39. Kxc5 g3 40. fxg3+ Ke3 0-1

[Event "Srdja Dragasevic Memorial-A 2024"]
[Site "Cetinje"]
[Date "2024.06.27"]
[Round "7.11"]
[White "Nikolic, Nebojsa"]
[Black "Atakisi, Umut"]
[Result "0-1"]
[ECO "D94"]
[WhiteElo "2268"]
[BlackElo "2335"]
[Annotator "RC"]
[PlyCount "126"]
[EventDate "2024.06.23"]
[EventType "swiss"]
[EventCountry "MNE"]
[SourceTitle "playchess.com"]
[Source "ChessBase"]
[SourceQuality "1"]
[TimeControl "40/5400+30:1800+30"]

1. Nf3 c5 2. e3 g6 3. d4 Bg7 4. c4 cxd4 5. exd4 d5 6. Nc3 Nf6 7. Be2 dxc4 8. Bxc4 O-O 9. O-O Bg4 10. Re1 Nc6 11. d5 Na5 12. Bf1 e6 13. dxe6 Bxe6 14. Qa4 Nd5 15. Bg5 Nxc3 16. bxc3 Qc7 17. Bf4 Qc5 18. Be3 Qc7 19. Bf4 Qc5 20. Be3 Qc7 21. Qh4 Bd5 22. Bf4 Qc8 23. Ne5 Be6 24. Bh6 Qd8 25. Qf4 Bxh6 26. Qxh6 Qf6 27. Re3 Rac8 28. Rae1 Nc6 29. Nd3 Ne7 30. g4 Nd5 31. Rh3 Qg7 32. Qh4 Rxc3 33. Ne5 Rxh3 34. Bxh3 Nf4 35. Bf1 g5 36. Qg3 Bd5 37. Qa3 a6 38. Qd6 Re8 39. Re3 Qf8 40. Qf6 Qg7 41. Nd7 Be6 42. Qxg7+ Kxg7 43. Nc5 Rc8 44. Nxe6+ Nxe6 45. a4 Rc1 46. Re5 Ra1 47. a5 Kf6 48. Rf5+ Ke7 49. Rd5 h6 50. f3 Ra2 51. Re5 Rc2 52. Re1 Rc5 53. Rb1 Nd8 54. Rb6 f6 55. f4 Rxa5 56. f5 Rc5 57. h3 Rc6 58. Rb1 b5 59. Bg2 Rd6 60. Ra1 Kd7 61. Ra2 Kc7 62. Re2 a5 63. Bf1 Kb6 0-1

[Event "Srdja Dragasevic Memorial-A 2024"]
[Site "Cetinje"]
[Date "2024.06.27"]
[Round "7.12"]
[White "Vujosevic, Vladimir"]
[Black "Asllani, Muhamet"]
[Result "1/2-1/2"]
[ECO "C77"]
[WhiteElo "2306"]
[BlackElo "2219"]
[Annotator "RC"]
[PlyCount "179"]
[EventDate "2024.06.23"]
[EventType "swiss"]
[EventCountry "MNE"]
[SourceTitle "playchess.com"]
[Source "ChessBase"]
[SourceQuality "1"]
[TimeControl "40/5400+30:1800+30"]

1. e4 e5 2. Nf3 Nc6 3. Bb5 a6 4. Ba4 Nf6 5. d3 Bc5 6. c3 O-O 7. Nbd2 b5 8. Bb3 d6 9. O-O h6 10. Re1 Ng4 11. Re2 Be6 12. h3 Nf6 13. Nf1 Re8 14. Bxe6 fxe6 15. d4 Bb6 16. Ng3 Qe7 17. a4 Rab8 18. axb5 axb5 19. Be3 exd4 20. Nxd4 Ne5 21. f4 Nc4 22. Bf2 Qf7 23. b3 Na5 24. Rea2 e5 25. b4 Nc4 26. Nc6 Bxf2+ 27. Rxf2 Rb6 28. fxe5 dxe5 29. Na5 Rd6 30. Qe1 Rd3 31. Nf5 Nd6 32. Nxd6 cxd6 33. Kh2 Qg6 34. Re2 Rc8 35. Rc1 Nh5 36. Re3 Nf4 37. g3 Rxe3 38. Qxe3 Ne6 39. Nb3 Ng5 40. Nd2 Qe6 41. h4 Qh3+ 42. Kg1 Nh7 43. Qf3 Ra8 44. Nf1 Rf8 45. Qg2 Qd7 46. Qe2 Nf6 47. Nd2 Ng4 48. Nf3 h5 49. Kg2 Qa7 50. Re1 g6 51. Qd2 Kg7 52. Re2 Qf7 53. Qd3 Rc8 54. Ng5 Qc4 55. Qxc4 Rxc4 56. Rd2 Rxc3 57. Rxd6 Rc4 58. Rd7+ Kf8 59. Ne6+ Ke8 60. Rb7 Rxb4 61. Rxb5 Rxe4 62. Ng5 Re2+ 63. Kf3 Re3+ 64. Kg2 e4 65. Rb4 Re2+ 66. Kf1 Rf2+ 67. Ke1 Rg2 68. Nxe4 Ke7 69. Rb6 Ne5 70. Kf1 Ra2 71. Ng5 Ra1+ 72. Kg2 Ra2+ 73. Kf1 Ra1+ 74. Ke2 Ng4 75. Rxg6 Ra3 76. Rg7+ Kf6 77. Rf7+ Kg6 78. Rf3 Ra2+ 79. Ke1 Ne5 80. Rb3 Nc4 81. Rb5 Ne3 82. Nh3 Nc2+ 83. Kd1 Ne3+ 84. Kc1 Ng2 85. Rg5+ Kh6 86. Kd1 Ra3 87. Ke2 Nxh4 88. gxh4 Rxh3 89. Ra5 Rxh4 90. Kf3 1/2-1/2

[Event "Srdja Dragasevic Memorial-A 2024"]
[Site "Cetinje"]
[Date "2024.06.27"]
[Round "7.13"]
[White "Willy, Stephen"]
[Black "Holland, James P"]
[Result "1-0"]
[ECO "B22"]
[WhiteElo "2046"]
[BlackElo "2252"]
[Annotator "RC"]
[PlyCount "81"]
[EventDate "2024.06.23"]
[EventType "swiss"]
[EventCountry "MNE"]
[SourceTitle "playchess.com"]
[Source "ChessBase"]
[SourceQuality "1"]
[TimeControl "40/5400+30:1800+30"]

1. e4 c5 2. Nf3 e6 3. c3 d5 4. exd5 exd5 5. d4 Nc6 6. Bb5 Bd6 7. O-O Nge7 8. dxc5 Bxc5 9. Nbd2 a6 10. Bd3 O-O 11. h3 Bf5 12. Bxf5 Nxf5 13. Nb3 Ba7 14. Qd3 Qd7 15. Bf4 Rad8 16. Rad1 Rfe8 17. Rd2 Re4 18. Bh2 h6 19. Rfd1 Qe6 20. Qf1 b5 21. Nc1 g5 22. g4 Nfe7 23. Ne2 f5 24. Ng3 Rf4 25. Re1 Qf7 26. Nxf5 Nxf5 27. Bxf4 Nh4 28. Nxh4 Qxf4 29. Qd3 gxh4 30. Qg6+ Kh8 31. Re8+ Rxe8 32. Qxe8+ Kg7 33. Qd7+ Kh8 34. Re2 Bxf2+ 35. Rxf2 Qg3+ 36. Kf1 Qd3+ 37. Re2 Qxh3+ 38. Ke1 Qg3+ 39. Kd2 Qf4+ 40. Kd1 Qf1+ 41. Re1 1-0

[Event "Srdja Dragasevic Memorial-A 2024"]
[Site "Cetinje"]
[Date "2024.06.27"]
[Round "7.14"]
[White "Kolmakov, Ivan D."]
[Black "Guleryuz, Kuzey"]
[Result "0-1"]
[ECO "C00"]
[WhiteElo "1902"]
[BlackElo "1971"]
[Annotator "NA RC"]
[PlyCount "68"]
[EventDate "2024.06.23"]
[EventType "swiss"]
[EventCountry "MNE"]
[SourceTitle "playchess.com"]
[Source "ChessBase"]
[SourceQuality "1"]
[TimeControl "40/5400+30:1800+30"]

1. e4 e6 2. Nf3 d5 3. e5 c5 4. b4 cxb4 5. a3 b3 6. cxb3 Nc6 7. d4 Bd7 8. Nc3 Rc8 9. Bg5 Be7 10. Bxe7 Ngxe7 11. Nb5 O-O 12. Nd6 Rc7 13. Bd3 Nf5 14. Nb5 Rc8 15. Bxf5 Qa5+ 16. b4 Qxb5 17. Bd3 Qb6 18. Bxh7+ Kxh7 19. Qd3+ g6 20. Ng5+ Kg7 21. Rd1 Qd8 22. h4 Rh8 23. Rh3 Qe7 24. Rf3 Rcf8 25. Rf6 Rxh4 26. Qg3 Rh6 27. Kd2 Nxd4 28. f4 Nf5 29. Qf3 Bc6 30. g4 d4 31. Qf2 Ne3 32. Rg1 Bd5 33. Kd3 Qc7 34. Qd2 Qc4# 0-1

[Event "Srdja Dragasevic Memorial-A 2024"]
[Site "Cetinje"]
[Date "2024.06.27"]
[Round "7.15"]
[White "Ivanovic, Bozidar"]
[Black "Hart, Alexander"]
[Result "1/2-1/2"]
[ECO "B48"]
[WhiteElo "2371"]
[BlackElo "1949"]
[Annotator "RC"]
[PlyCount "118"]
[EventDate "2024.06.23"]
[EventType "swiss"]
[EventCountry "MNE"]
[SourceTitle "playchess.com"]
[Source "ChessBase"]
[SourceQuality "1"]
[TimeControl "40/5400+30:1800+30"]

1. e4 c5 2. Nf3 e6 3. d4 cxd4 4. Nxd4 a6 5. Nc3 b5 6. Be3 Bb7 7. Bd3 Qc7 8. O-O Nc6 9. Nxc6 Bxc6 10. Qe2 Be7 11. a3 Nf6 12. f4 d5 13. e5 Nd7 14. Qf2 g6 15. Ne2 Bb7 16. b4 Rc8 17. Nd4 Qb8 18. h4 Rc4 19. h5 Nf8 20. hxg6 hxg6 21. Bxc4 dxc4 22. Nf3 Nd7 23. Rfd1 Qc7 24. c3 Nb8 25. a4 bxa4 26. Rxa4 Bd5 27. Bc5 Qc6 28. Ra5 Bd8 29. Ra2 Nd7 30. Be3 Qc8 31. Bd4 Bb7 32. Rad2 Be4 33. Be3 Bd5 34. Qg3 Nb6 35. Ng5 Qc6 36. Nf3 Nc8 37. f5 Ne7 38. fxg6 fxg6 39. Bc5 Bb6 40. Bxb6 Qxb6+ 41. Nd4 Rh5 42. Re1 Qb8 43. Rf2 Kd7 44. Rf7 Qh8 45. Kf2 Qh6 46. Qf4 Rg5 47. Nf3 Bxf3 48. Qxf3 Ke8 49. Rf6 Rf5 50. Rxf5 gxf5 51. Rd1 Nd5 52. Rxd5 exd5 53. Qxd5 Qf4+ 54. Ke2 Qg3 55. Qf3 Qh2 56. Ke3 Qxe5+ 57. Kf2 Qb5 58. Kg3 Qe5+ 59. Kf2 Qb5 1/2-1/2

[Event "Srdja Dragasevic Memorial-A 2024"]
[Site "Cetinje"]
[Date "2024.06.27"]
[Round "7.16"]
[White "Tomic, Aleksandar"]
[Black "Skvortsova, Alena"]
[Result "1-0"]
[ECO "D10"]
[WhiteElo "2388"]
[BlackElo "2170"]
[Annotator "RC"]
[PlyCount "108"]
[EventDate "2024.06.23"]
[EventType "swiss"]
[EventCountry "MNE"]
[SourceTitle "playchess.com"]
[Source "ChessBase"]
[SourceQuality "1"]
[TimeControl "40/5400+30:1800+30"]

1. d4 d5 2. c4 c6 3. cxd5 cxd5 4. Bf4 Nf6 5. Nc3 Nc6 6. e3 Bg4 7. Qb3 Na5 8. Qa4+ Bd7 9. Qc2 Rc8 10. Bd3 e6 11. Nf3 Bb4 12. O-O O-O 13. Rac1 Bxc3 14. bxc3 Nc4 15. Bxc4 Rxc4 16. Ne5 Rc8 17. Bg5 Qc7 18. Bxf6 gxf6 19. Ng4 Kg7 20. f4 f5 21. Nf2 Bb5 22. Rfe1 Rg8 23. Kh1 Kh8 24. Rg1 Qe7 25. g4 fxg4 26. Nxg4 f5 27. Ne5 Rxg1+ 28. Rxg1 Rg8 29. Rg5 Rxg5 30. fxg5 Kg7 31. h4 Qe8 32. Qd1 Ba4 33. Qe2 Bb5 34. Qb2 Qh5 35. Qxb5 Qxh4+ 36. Kg2 Qxg5+ 37. Kf2 Qh4+ 38. Ke2 Qh2+ 39. Kd3 Qxa2 40. Qd7+ Kh6 41. Qxe6+ Kg5 42. Qe7+ Kh5 43. Qxh7+ Kg5 44. Qg6+ Kh4 45. Nf3+ Kh3 46. Qxf5+ Kg2 47. Ne1+ Kh2 48. Qh5+ Kg3 49. Qg5+ Kh3 50. Qg2+ Qxg2 51. Nxg2 Kxg2 52. e4 dxe4+ 53. Kxe4 a5 54. d5 a4 1-0

[Event "Srdja Dragasevic Memorial-A 2024"]
[Site "Cetinje"]
[Date "2024.06.27"]
[Round "7.17"]
[White "Pogorelskikh, Sofia"]
[Black "Arora Honi"]
[Result "1-0"]
[ECO "B92"]
[WhiteElo "2216"]
[BlackElo "2082"]
[Annotator "RC"]
[PlyCount "83"]
[EventDate "2024.06.23"]
[EventType "swiss"]
[EventCountry "MNE"]
[SourceTitle "playchess.com"]
[Source "ChessBase"]
[SourceQuality "1"]
[TimeControl "40/5400+30:1800+30"]

1. e4 c5 2. Nf3 d6 3. d4 cxd4 4. Nxd4 Nf6 5. Nc3 a6 6. Be2 e5 7. Nb3 Be7 8. Be3 Be6 9. Nd5 Nbd7 10. Qd3 O-O 11. O-O Bxd5 12. exd5 Ne8 13. a4 Bg5 14. a5 Bxe3 15. Qxe3 Rc8 16. c4 g6 17. Nd2 Ng7 18. b4 Nf5 19. Qd3 Nd4 20. Bd1 g5 21. Ne4 Qe7 22. Ba4 f5 23. Nxg5 b5 24. axb6 Nxb6 25. Ne6 Nxe6 26. dxe6 Rxc4 27. Bb3 Rxb4 28. Rxa6 Rd4 29. Qb5 Nc8 30. Rc1 Rg4 31. h3 Rxg2+ 32. Kxg2 Qg5+ 33. Kf3 Qf4+ 34. Ke2 Qe4+ 35. Kd1 Ne7 36. Ra4 Qf3+ 37. Ke1 e4 38. Bd1 Qxh3 39. Qf1 Qh6 40. Rc7 Qxe6 41. Raa7 Qe5 42. Qc4+ 1-0